 Dungeon Crawl Stone Soup version 0.29-a0-1042-g87b1fcd763 (webtiles) character file.

Game seed: 9733352552993502158

6596 inmateoo the Spear-Bearer (level 10, -2/71 HPs)
             Began as a Demonspawn Fighter on Aug 15, 2022.
             Was a Priest of Hepliaklqana.
             Slain by a wyvern (9 damage)
             ... on level 9 of the Dungeon.
             The game lasted 00:07:26 (8593 turns).

inmateoo the Spear-Bearer (Demonspawn Fighter)      Turns: 8593, Time: 00:07:27

Health: -2/71      AC: 12    Str: 21    XL:     10   Next: 71%
Magic:  14/14      EV:  9    Int:  9    God:    Hepliaklqana [***...]
Gold:   1211       SH:  6    Dex: 16    Spells: 9/9 levels left

rFire   . . .      SeeInvis +   g - +8 demon trident "Ixkostra" {flame, rElec Str+3}
rCold   . . .      Faith    .   c - +0 buckler
rNeg    . . .      Spirit   .   s - +0 chain mail "Vareuph" {Rampage}
rPois   .          Reflect  .   (no helmet)
rElec   +          Harm     .   i - +1 cloak
rCorr   .          Rampage  +   (no gloves)
Will    .....                   (boots unavailable)
Stlth   ..........              (no amulet)
HPRegen 0.21/turn               f - ring of see invisible
MPRegen 0.14/turn               q - ring of flight

@: flying
A: reduced essence, hooves 3, demonic guardian 1, powered by pain 1
a: Renounce Religion, Recall Ancestor, Ancestor Identity, Transference


You were on level 9 of the Dungeon.
You worshipped Hepliaklqana.
Hepliaklqana was most pleased with you.
You visited 2 branches of the dungeon, and saw 10 of its levels.
You also visited: Sewer.

You collected 1211 gold pieces.

Inventory:

Hand Weapons
 a - a +2 trident of venom
 g - the +8 demon trident "Ixkostra" (weapon) {flame, rElec Str+3}
   (You acquired it on level 5 of the Dungeon)

   It burns those it strikes, dealing additional fire damage.
   Str:       It affects your strength (+3).
   rElec:     It insulates you from electricity.
Missiles
 j - 18 poisoned darts (quivered)
 z - 2 throwing nets
Armour
 c - a +0 buckler (worn)
 i - a +1 cloak (worn)
 s - the +0 chain mail "Vareuph" (worn) {Rampage}
   (You found it on level 6 of the Dungeon)

   Rampage:   It bestows one free step when moving towards enemies.
Jewellery
 b - the ring "Ustrolora" {rPois rCorr Dex-5 Stlth+}
   (You found it on level 6 of the Dungeon)

   [ring of resist corrosion]

   Dex:       It affects your dexterity (-5).
   rPois:     It protects you from poison.
   rCorr:     It protects you from acid and corrosion.
   Stlth:     It makes you more stealthy.
 f - a ring of see invisible (left hand)
 p - a ring of magical power
 q - a ring of flight (right hand)
 y - a ring of magical power
Wands
 m - a wand of paralysis (5)
 w - a wand of roots (10)
Scrolls
 o - 8 scrolls of teleportation
 t - a scroll of identify
 u - a scroll of magic mapping
 v - 2 scrolls of amnesia
Potions
 d - 4 potions of might
 e - a potion of curing
 h - a potion of attraction {unknown}
 l - a potion of invisibility {unknown}
 n - 2 potions of heal wounds {unknown}
 r - 2 potions of brilliance {unknown}


   Skills:
 + Level 7.2 Fighting
 * Level 8.8 Polearms
 + Level 6.6 Armour
 + Level 4.3 Dodging
 + Level 6.7 Shields
 + Level 6.3 Invocations


You had 9 spell levels left.
You didn't know any spells.
Your spell library contained the following spells:

 Spells                   Type           Power      Damage    Failure   Level
 Sting                    Tmut/Pois      0%         1d3       99%         1
 Summon Small Mammal      Summ           0%         N/A       99%         1
 Poisonous Vapours        Pois/Air       0%         N/A       99%         2
 Sublimation of Blood     Necr           0%         N/A       99%         2
 Call Canine Familiar     Summ           0%         N/A       100%        3
 Gell's Gravitas          Tloc           0%         N/A       100%        3
 Lesser Beckoning         Tloc           0%         N/A       100%        3
 Summon Guardian Golem    Hex/Summ       0%         N/A       100%        3
 Teleport Other           Tloc           0%         N/A       100%        3
 Hailstorm                Conj/Ice       0%         3d3       100%        4
 Ice Form                 Ice/Tmut       0%         N/A       100%        4
 Olgreb's Toxic Radiance  Pois           0%         N/A       100%        4
 Petrify                  Tmut/Erth      0%         N/A       100%        4
 Irradiate                Conj/Tmut      0%         3d11      100%        5
 Simulacrum               Ice/Necr       0%         N/A       100%        6


Dungeon Overview and Level Annotations

Branches:
Dungeon (9/15)             Temple (1/1) D:5           Sewer (visited)
   Lair: D:8-11         Orc: D:9-12

Altars:
Ashenzari
Cheibriados
Dithmenos
Gozag
Hepliaklqana
Kikubaaqudgha
Nemelex Xobeh
Qazlal
Ru
Trog
Vehumet
Wu Jian
Yredelemnul


Innate Abilities, Weirdness & Mutations

Your life essence is reduced to manifest your ancestor. (-10% HP)
You have hooves in place of feet.
A weak demonic guardian rushes to your aid.
You sometimes gain a little power by taking damage.


Message History

Your two-headed ogre barely misses the wyvern.
Your two-headed ogre closely misses the wyvern.
The wyvern bites your butterfly.
Your butterfly dies!
Your butterfly disappears in a burst of colours!
You swap places.
The wolf attacks as you move away! The wolf bites you but does no damage.
The wolf barely misses your butterfly.
The water moccasin bites your butterfly.
Your butterfly dies!
Your butterfly disappears in a burst of colours!
The wyvern bites your butterfly.
Your butterfly dies!
Your butterfly disappears in a burst of colours!
The water moccasin barely misses your butterfly.
Your ice devil hits the wyvern but does no damage.
The water moccasin misses your butterfly.
The yak completely misses your butterfly.
Your two-headed ogre misses the wyvern.
Your two-headed ogre barely misses the wyvern.
The wolf barely misses you.
You impale the wolf!! You burn the wolf.
You kill the wolf!
Your ice devil disappears in a puff of smoke!
You block the wyvern's attack.
You hit the wyvern but do no damage. The wyvern misses your butterfly.
The water moccasin bites your butterfly!
Your butterfly dies!
Your butterfly disappears in a burst of colours!
The wyvern bites you.
* * * LOW HITPOINT WARNING * * *
A demonic guardian appears!
You hit the wyvern. You burn the wyvern. You kick the wyvern, but do no damage.
The wyvern is moderately wounded.
The wyvern bites you.
* * * LOW HITPOINT WARNING * * *
Your two-headed ogre misses the water moccasin.
Your two-headed ogre barely misses the water moccasin.
The yak gores you but does no damage.
You feel better. The wyvern bites you!
You die...

#....................#
#....................#
#........b...........#
#....................#
#.....b..............#
#.....b..b...........#
#........b5....#.....#
#.....†..Yl....#.....#
#......OSl@....#.....#
#....###########.....#
#######..4.#....#....#.....#
#........Y.#....#....#.....#
#..........#....#..........#
....†......#....'..........#
.......†...#....#..........#
...........#....#..........#
♣P....#....#....#....#######


You could see a yak, a water moccasin (ally target), 2 wyverns, a friendly
two-headed ogre (summoned) and a friendly shadow imp (summoned).

Vanquished Creatures
  A hornet (D:8)
  7 yaks
  Sigmund (D:2)
  A shadow (D:6)
  A vampire (D:6)
  A wyvern (D:9)
  4 water moccasins
  4 ice beasts
  A sky beast (D:7)
  A black bear (D:6)
  An orc warrior (D:6)
  2 wolves (D:9)
  An ogre (D:6)
  A centaur (D:7)
  2 phantoms
  2 kobold brigands
  A gnoll sergeant (D:7)
  3 necrophages
  4 scorpions
  4 wights (D:8)
  2 killer bees (D:7)
  A howler monkey (D:6)
  A jelly (D:6)
  3 hounds (D:6)
  5 orc priests
  Jessica (D:2)
  A gnoll bouda (D:9)
  2 iguanas
  5 orc wizards
  18 adders
  9 gnolls
  4 river rats
  2 ufetubi (D:6)
  A worm (D:3)
  20 orcs
  12 ball pythons
  9 bats
  3 endoplasms
  5 giant cockroaches
  9 goblins
  5 hobgoblins
  11 jackals
  10 kobolds
  A quokka (D:2)
  9 frilled lizards
  6 rats
198 creatures vanquished.

Vanquished Creatures (collateral kills)
  A hornet (D:8)
  A wyvern (D:8)
  A basilisk (D:9)
  2 water moccasins
  2 black bears (D:6)
  A wolf (D:9)
  A phantom (D:7)
  A bullfrog (D:7)
  A necrophage (D:7)
  2 killer bees (D:7)
  A jelly (D:6)
  An iguana (D:6)
  A gnoll (D:9)
  A shadow imp (D:7)
  3 orcs
  A kobold (D:8)
21 creatures vanquished.

Vanquished Creatures (others)
  2 battlemagi (D:9)
  2 ancestors (D:6)
  8 plants
12 creatures vanquished.

Grand Total: 231 creatures vanquished

Notes
Turn   | Place    | Note
-------+----------+-------------------------------------------
     0 | D:1      | inmateoo the Demonspawn Fighter began the quest for the
                  | Orb.
     0 | D:1      | Reached XP level 1. HP: 18/18 MP: 1/1
    82 | D:1      | Found a faded altar of an unknown god.
    97 | D:1      | Reached skill level 2 in Polearms
   154 | D:1      | Gained mutation: You sometimes gain a little power by
                  | taking damage. [demonic ancestry]
   154 | D:1      | Reached XP level 2. HP: 24/24 MP: 2/2
   337 | D:2      | Noticed Sigmund
   338 | D:2      | Identified the +1 robe of Honesty {rF- Will+++ MP+9}
   604 | D:2      | Noticed Jessica
   608 | D:2      | Killed Jessica
   609 | D:2      | Gained mutation: You have large cloven feet. [demonic
                  | ancestry]
   609 | D:2      | Reached XP level 3. HP: 29/29 MP: 3/3
   812 | D:3      | Reached XP level 4. HP: 21/35 MP: 4/4
   822 | D:3      | Reached skill level 3 in Polearms
   917 | D:3      | Found a glowing drain.
   929 | D:3      | Gained mutation: You have hoof-like feet. [demonic
                  | ancestry]
   929 | D:3      | Reached XP level 5. HP: 35/41 MP: 5/5
   949 | Sewer    | Entered a sewer
  1124 | Sewer    | Reached XP level 6. HP: 40/48 MP: 6/6
  1882 | D:3      | Reached skill level 4 in Polearms
  2456 | D:3      | Identified a scroll of acquirement
  2456 | D:3      | Acquired 777 gold pieces
  2701 | D:2      | Killed Sigmund
  2702 | D:2      | Gained mutation: A weak demonic guardian rushes to your
                  | aid. [demonic ancestry]
  2702 | D:2      | Reached XP level 7. HP: 47/55 MP: 7/7
  3529 | D:4      | HP: 2/55 [orc/+0 trident (2)]
  3530 | D:4      | Reached skill level 5 in Polearms
  4133 | D:4      | Found a sacrificial altar of Ru.
  4228 | D:5      | Entered Level 5 of the Dungeon
  4243 | D:5      | Found a staircase to the Ecumenical Temple.
  4256 | Temple   | Entered the Ecumenical Temple
  4274 | Temple   | Became a worshipper of Hepliaklqana the Forgotten
  4427 | D:5      | Reached skill level 5 in Fighting
  4499 | D:5      | Reached XP level 8. HP: 59/62 MP: 8/8
  4598 | D:5      | Found an ornate altar of the Wu Jian Council.
  4801 | D:5      | Acquired the +8 demon trident "Ixkostra" {flame, rElec
                  | Str+3}
  4840 | D:6      | Reached * piety under Hepliaklqana
  4867 | D:6      | Found a shadowy altar of Dithmenos.
  4899 | D:6      | Reached skill level 6 in Polearms
  4902 | D:6      | Reached skill level 1 in Invocations
  4910 | D:6      | Reached skill level 5 in Armour
  4910 | D:6      | Reached skill level 5 in Shields
  4915 | D:6      | Reached skill level 1 in Dodging
  5043 | D:6      | Identified the +0 chain mail "Vareuph" {Rampage}
  5275 | D:6      | Identified the ring "Ustrolora" {rPois rCorr Dex-5 Stlth+}
  5317 | D:6      | Gained mutation: You have hooves in place of feet. [demonic
                  | ancestry]
  5317 | D:6      | Reached XP level 9. HP: 34/62 MP: 9/11
  5340 | D:6      | Reached skill level 7 in Polearms
  5630 | D:6      | Reached ** piety under Hepliaklqana
  5633 | D:6      | Remembered your ancestor Arsinoe as a battlemage
  5684 | D:6      | Found a basalt altar of Yredelemnul.
  6661 | D:7      | Found a radiant altar of Vehumet.
  7015 | D:7      | Reached *** piety under Hepliaklqana
  7044 | D:7      | Reached skill level 5 in Invocations
  7148 | D:7      | Reached XP level 10. HP: 69/69 MP: 13/13
  7328 | D:8      | Reached skill level 8 in Polearms
  7383 | D:8      | Found a snail-covered altar of Cheibriados.
  8592 | D:9      | HP: 2/71 [wyvern (5)]
  8593 | D:9      | Slain by a wyvern

Illustrated notes

Levels and vault maps discovered:
D:1:      wander_arrival_desolate, layout_rooms, basic_ecumenical_altar
D:2:      layout_basic, serial_co_window_serial, co_window_cross_1,
          co_window_of_opportunity_a, co_window_of_opportunity_a,
          co_window_corner_a, co_window_of_opportunity_a, co_window_2corner,
          co_window_unsneaky_path_a, co_window_of_opportunity_c,
          co_window_broadway_c, co_window_corner_b, co_window_4corner_a,
          uniq_jessica, uniq_sigmund
D:3:      layout_basic, portal_sewer_entry_c, dk_noncrumbling_2
D:4:      layout_rooms, marbit_many_paths, st_stairs_12,
          minmay_misc_feat_four_crosses
D:5:      layout_gridville, nicolae_wu_jian_wuxing_cycle, temple_doors_cd
D:6:      cheibrodos_fzero, layout_layer_cave,
          mainiacjoe_overflow_concentric_impassable,
          grunt_dithmenos_smoke_and_mirrors, minmay_fractal_squares_5
D:7:      layout_loops_corners, fiery_altar_vehumet
D:8:      layout_basic, zin_academy, kennysheep_mini
D:9:      layout_grid_maze, mainiacjoe_overflow_boulevard,
          mainiacjoe_overflow_catwalk, kennysheep_okawaru_gauntlet,
          minmay_lair_entry_grove, hangedman_abyss_or_decor_clamps,
          grunt_ministairs_15, uniq_maggie
Temple:   chequers_temple_sunken

Skill      XL: |  1  2  3  4  5  6  7  8  9 10 |
---------------+-------------------------------+-----
Polearms       | 2 3 4 5 6 7 8 |  8.8
Armour         | 3 4 5 6 |  6.6
Shields        | 3 4 5 6 |  6.7
Fighting       | 4 5 6 7 |  7.2
Invocations    | 2 5 6 |  6.3
Dodging        | 1 3 4 |  4.3

Action                   |  1- 3 |  4- 6 |  7- 9 | 10-12 || total
-------------------------+-------+-------+-------+-------++-------
Melee: Trident           |    71 |   248 |   145 |       ||   464
       Kick              |     3 |    52 |    46 |    13 ||   114
       Demon trident     |       |       |   118 |    71 ||   189
Throw: Dart              |     1 |       |       |     1 ||     2
Invok: Ancestor Life: Ba |       |       |     1 |       ||     1
  Use: Scroll            |       |    12 |     9 |     2 ||    23
       Potion            |       |       |       |     1 ||     1
 Stab: Distracted        |       |       |     1 |       ||     1
Armor: Scale mail        |    24 |   107 |    70 |       ||   201
       Chain mail        |       |       |    19 |    28 ||    47
Dodge: Dodged            |    27 |   103 |    96 |    28 ||   254
Block: Buckler           |    12 |    44 |    59 |    16 ||   131

Table legend: (Time is in decaauts)
 A = Elapsed time spent in this place.
 B = Non-inter-level travel time spent in this place.
 C = Inter-level travel time spent in this place.
 D = Time resting spent in this place.
 E = Time spent auto-exploring this place.
 F = Levels seen in this place.
 G = Mean time per level.
                   A        B        C        D        E       F      G
               +--------+--------+--------+--------+--------+-----+--------+
         Total |   8801 |   8539 |    262 |   1654 |   5436 |  11 |  800.1 |
       Dungeon |   7778 |   7516 |    262 |   1460 |   4918 |   9 |  864.2 |
        Temple |     27 |     27 |      0 |      0 |      9 |   1 |   27.0 |
         Sewer |    995 |    995 |      0 |    193 |    508 |   1 |  995.0 |
               +--------+--------+--------+--------+--------+-----+--------+

Top non-repeatable levels by time:
     D:6: 1572 daAuts
     D:3: 1394 daAuts
   Sewer: 995 daAuts
     D:2: 960 daAuts
     D:8: 950 daAuts
     D:7: 857 daAuts
     D:5: 590 daAuts
     D:1: 547 daAuts
     D:4: 538 daAuts
     D:9: 365 daAuts
  Temple: 27 daAuts
